 Dungeon Crawl Stone Soup version 0.22-a0-475-g101988f953 (webtiles) character file.

20944 Faustar the Martial Artist (level 12, -4/112 HPs)
             Began as a Green Draconian Transmuter on June 14, 2018.
             Slain by an ice devil (22 damage)
             ... in an ice cave.
             The game lasted 00:44:54 (23190 turns).

Faustar the Martial Artist (DrTm)                  Turns: 23190, Time: 00:44:54

Health: -4/112     AC:  9    Str: 17    XL:     12   Next: 49%
Magic:  16/21      EV: 12    Int: 14    God:
Gold:   931        SH:  0    Dex: 15    Spells: 14/23 levels left

rFire    . . .     SeeInvis .     - Unarmed
rCold    . . .     Gourm    .   (shield currently unavailable)
rNeg     . . .     Faith    .   (armour unavailable)
rPois    +         Spirit   .   e - +1 hat
rElec    .         Reflect  .   k - scarf {repulsion}
rCorr    .         Harm     .   (gloves currently unavailable)
MR       .....                  (no boots)
Stlth    +.........             (no amulet)
HPRegen  0.28/turn              J - +3 ring of strength
MPRegen  0.17/turn              I - +2 ring of slaying

@: blade hands (expiring), repel missiles
A: breathe noxious fumes, unfitting armour, poison resistance, cold-blooded, AC
+8
a: Breathe Noxious Fumes, End Transformation


You were in an ice cave.
You were not hungry.
You had blades for hands.
You visited 3 branches of the dungeon, and saw 14 of its levels.
You also visited: Sewer, Ossuary, Bailey and Ice Cave.

You collected 1206 gold pieces.
You spent 275 gold pieces at shops.

Inventory:

Missiles
 a - 240 arrows
Armour
 e - a +1 hat (worn)
 f - a +2 pair of gloves (melded)
 k - a scarf of repulsion (worn)
 v - a +2 cloak
Jewellery
 z - an uncursed ring of stealth
 D - an uncursed amulet of faith
 I - a +2 ring of slaying (right scythe-like blade)
 J - a +3 ring of strength (left scythe-like blade)
Wands
 l - a wand of random effects (38)
 r - a wand of acid (7)
 u - a wand of polymorph (8)
 y - a wand of enslavement (2)
 B - a wand of iceblast (4)
 C - a wand of digging (10)
Scrolls
 b - 8 scrolls of remove curse
 g - 5 scrolls of teleportation
 h - 3 scrolls of fog
 n - 2 scrolls of fear
 q - 4 scrolls of amnesia
 H - 5 scrolls of identify
Potions
 d - a potion of mutation
 i - 11 potions of curing
 j - 6 potions of heal wounds
 m - 4 potions of magic
 o - a potion of resistance
 p - a potion of berserk rage
 s - 2 potions of ambrosia
 t - 3 potions of brilliance
 w - 2 potions of might
 x - a potion of lignification
 A - 3 potions of cancellation
 F - 2 potions of haste {unknown}
 G - 3 potions of flight
 K - a potion of invisibility
Miscellaneous
 E - a lightning rod (4/4)
Comestibles
 c - 11 rations
 L - 2 chunks of flesh


   Skills:
 + Level 12.1 Fighting
 - Level 1.7 Dodging
 * Level 12.9 Unarmed Combat
 - Level 6.0 Spellcasting
 + Level 10.9 Transmutations


You had 14 spell levels left.
You knew the following spells:

 Your Spells              Type           Power        Failure   Level  Hunger
a - Beastly Appendage     Tmut           ####..       9%          1    None
b - Spider Form           Tmut/Pois      ###.......   32%         3    ###....
c - Blade Hands           Tmut           ####......   32%         5    ######.

Your spell library contained the following spells:

 Spells                   Type           Power        Failure   Level  Hunger
 Magic Dart               Conj           #...         56%         1    None
 Fireball                 Conj/Fire      #.........   100%        5    ######.
 Conjure Flame            Conj/Fire      #.......     83%         3    ###....
 Slow                     Hex            #.......     67%         2    #......
 Throw Flame              Conj/Fire      #.....       67%         2    #......
 Throw Frost              Conj/Ice       #.....       67%         2    #......
 Mephitic Cloud           Conj/Pois/Air  #.......     83%         3    ###....
 Blink                    Tloc           N/A          67%         2    #......
 Freeze                   Ice            #...         56%         1    None
 Sticky Flame             Conj/Fire      #.......     98%         4    ####...
 Summon Ice Beast         Ice/Summ       #.......     98%         4    ####...
 Ozocubu's Armour         Chrm/Ice       #.......     83%         3    ###....
 Call Imp                 Summ           #.......     67%         2    #......
 Ice Form                 Ice/Tmut       ###.....     58%         4    ####...
 Throw Icicle             Conj/Ice       #.......     98%         4    ####...
 Flame Tongue             Conj/Fire      #....        56%         1    None
 Sticks to Snakes         Tmut           ####....     10%         2    #......
 Call Canine Familiar     Summ           #.......     83%         3    ###....
 Summon Butterflies       Summ           #.......     56%         1    None
 Summon Hydra             Summ           #.........   100%        7    #######
 Inner Flame              Hex/Fire       #.......     83%         3    ###....
 Summon Mana Viper        Hex/Summ       #.......     100%        5    ######.


Dungeon Overview and Level Annotations

Branches:
Dungeon (11/15)            Temple (1/1) D:5            Lair (2/6) D:9
    Orc (0/2) D:9
  Swamp: Lair:2-4    Shoals: Lair:2-4     Snake: Lair:2-4    Spider: Lair:2-4

Altars:
Ashenzari
Cheibriados
Dithmenos
Elyvilon
Fedhas
Gozag
Hepliaklqana
Kikubaaqudgha
Makhleb
Nemelex Xobeh
Okawaru
Qazlal
Ru
Sif Muna
Trog
Uskayaw
Vehumet
Wu Jian
Xom
Yredelemnul
Zin
The Shining One
Beogh

Shops:
D:4 !   D:8 ?   D:10 !

Annotations:
Lair:2 Harold


Innate Abilities, Weirdness & Mutations

You can breathe blasts of noxious fumes.
Your lurid green scales are hard. (AC +8)
You cannot fit into any form of body armour.
Your system is resistant to poisons. (rPois)
You are cold-blooded and may be slowed by cold attacks.


Message History

Your transformation is almost over.
You hit the ice devil but do no damage. You slash the ice devil.
The ice devil is lightly wounded.
The ice devil hits you. The ice devil freezes you!
You feel yourself slow down.
You slice the ice devil!! Your slash misses the ice devil.
The ice devil is almost dead.
The ice devil hits you! The ice devil freezes you!
* * * LOW HITPOINT WARNING * * *
You closely miss the ice devil.
You tail-slap the ice devil, but do no damage.
The ice devil is almost dead.
You feel yourself speed up. The ice devil hits you!
* * * LOW HITPOINT WARNING * * *
The ice devil freezes you!!
* * * LOW HITPOINT WARNING * * *
You feel much better. The ice devil hits you!
* * * LOW HITPOINT WARNING * * *
The ice devil freezes you!!
You die...

##.........#4.'.#.'.......#.....
##..........########.8.8.8.#.####
..............#............#.#[)[
........⌠.....'............'.#.))
..............#............#.#[[[
##..........########.8.8.8.#.####
###.........#..'.#.'.......#.....
#..........# #4###'#'#'#'#.8###
##.........# #@..#.#.#.#.#.##
##........ ###.#########.#
##..... #.'.......'.# #####
#############


You could see an ice devil.

Vanquished Creatures
  Gastronok (Lair:2)
  3 two-headed ogres
  The ghost of FluffierThanThou the Cleaver, a novice DDFi of Makhleb (D:7)
  The ghost of hcgyg4s the Covert, a novice FeVM of Sif Muna (D:10)
  Pikel (D:7)
  A necromancer (IceCv)
  Joseph (D:9)
  2 ice statues (IceCv)
  3 spiny frogs (Lair:1)
  3 komodo dragons (Lair:1)
  8 ice devils (IceCv)
  A troll (D:10)
  A merfolk (D:10)
  Grinder (D:3)
  2 hippogriffs
  A wraith (Ossuary)
  Sigmund (D:3)
  A wyvern (Lair:1)
  12 yaks
  A basilisk (Lair:1)
  Edmund (D:3)
  4 water moccasins
  3 porcupines
  8 orc warriors
  Duvessa (D:3)
  2 black bears
  2 ice beasts
  2 slaves (D:7)
  The ghost of zeli25 the Chopper, an amateur MiBe of Trog (D:3)
  2 sky beasts
  2 phantoms
  6 ogres
  5 centaurs
  6 crocodiles
  5 bullfrogs
  2 big kobolds (Sewer)
  7 gnoll sergeants (Bailey)
  An elf zombie (Ossuary)
  A wyvern zombie (D:7)
  A wyvern skeleton (D:8)
  3 scorpions
  Dowan (D:4)
  13 killer bees
  3 howler monkeys (D:7)
  3 crimson imps
  2 draconian simulacra (IceCv)
  7 orc priests
  A bullfrog zombie (D:5)
  3 quasits
  2 centaur zombies
  7 hounds
  Crazy Yiuf (D:4)
  Terence (D:2)
  A bullfrog skeleton (D:4)
  4 gnoll shamans (Bailey)
  4 jellies
  7 orc wizards
  2 worker ants
  Natasha (thrice) (D:3)
  3 iguanas
  2 troll simulacra (IceCv)
  A centaur simulacrum (IceCv)
  A hound zombie (D:5)
  A hound skeleton (D:5)
  3 mummies (Ossuary)
  A worker ant zombie (D:5)
  16 gnolls
  2 naga simulacra (IceCv)
  8 adders
  A howler monkey skeleton (D:5)
  3 ogre simulacra (IceCv)
  3 shadow imps
  3 oozes (Sewer)
  An adder zombie (D:8)
  An adder skeleton (D:6)
  6 worms
  3 dart slugs
  4 leopard geckos
  50 orcs
  9 bats
  4 giant cockroaches
  A gnoll zombie (Ossuary)
  7 goblins
  6 hobgoblins
  4 jackals
  17 kobolds
  3 quokkas
  6 ball pythons
  A ball python skeleton (D:4)
  6 frilled lizards
  2 goblin zombies (Ossuary)
  4 hobgoblin zombies (Ossuary)
  3 kobold zombies (Ossuary)
  2 quokka skeletons
  A quokka zombie (D:6)
  12 rats
377 creatures vanquished.

Vanquished Creatures (collateral kills)
  A gnoll sergeant (Bailey)
  2 gnoll shamans (Bailey)
  A gnoll (Bailey)
4 creatures vanquished.

Vanquished Creatures (others)
  A sky beast (D:7)
  A gnoll (Bailey)
  A leopard gecko zombie (D:7)
  4 fungi
  3 plants (Lair:1)
10 creatures vanquished.

Grand Total: 391 creatures vanquished

Notes
Turn   | Place    | Note
-------+----------+-------------------------------------------
     0 | D:1      | Faustar the Draconian Transmuter began the quest for the Orb.
     0 | D:1      | Reached XP level 1. HP: 16/16 MP: 3/3
   343 | D:1      | Reached XP level 2. HP: 23/23 MP: 5/5
  1041 | D:1      | Reached XP level 3. HP: 25/28 MP: 6/6
  1454 | D:2      | Found a shadowy altar of Dithmenos.
  1574 | D:2      | Found a sacrificial altar of Ru.
  1597 | D:2      | Noticed Terence
  1619 | D:2      | Killed Terence
  1619 | D:2      | Reached skill level 5 in Unarmed Combat
  1619 | D:2      | Reached XP level 4. HP: 8/35 MP: 7/7
  2224 | D:3      | Found a glowing drain.
  2324 | Sewer    | Entered a sewer
  2484 | Sewer    | Noticed a big kobold
  2517 | Sewer    | Killed a big kobold
  2517 | Sewer    | Reached XP level 5. HP: 20/41 MP: 8/8
  2947 | D:3      | Noticed Sigmund
  2993 | D:3      | Killed Sigmund
  2993 | D:3      | Reached XP level 6. HP: 36/52 MP: 9/9
  3212 | D:3      | Noticed zeli25's ghost (amateur MiBe)
  3244 | D:3      | HP: 1/52 [zeli25's ghost (4)]
  3248 | D:3      | Killed zeli25's ghost
  3624 | D:3      | Noticed Grinder
  3631 | D:3      | Your scales start taking on a lurid green colour.
  3631 | D:3      | Reached XP level 7. HP: 58/60 MP: 10/10
  3631 | D:3      | Gained mutation: Your system is resistant to poisons. (rPois) [Green Draconian growth]
  3863 | D:3      | Paralysed by Grinder for 7 turns
  4003 | D:3      | Paralysed by Grinder for 3 turns
  4033 | D:3      | Paralysed by Grinder for 5 turns
  4039 | D:3      | Killed Grinder
  4039 | D:3      | Reached skill level 5 in Fighting
  4302 | D:4      | Found Biarr's Distillery.
  4447 | D:4      | Noticed Edmund
  4448 | D:4      | Noticed Natasha
  4466 | D:3      | Killed Natasha
  5068 | D:3      | Noticed Natasha
  5074 | D:3      | Killed Natasha
  5095 | D:3      | Noticed Natasha
  5102 | D:3      | Killed Natasha
  5127 | D:4      | Noticed Duvessa
  5129 | D:4      | Noticed Dowan
  5476 | D:3      | Killed Edmund
  5476 | D:3      | Reached XP level 8. HP: 38/69 MP: 11/11
  5491 | D:3      | Learned a level 3 spell: Spider Form
  5865 | D:4      | Bought a potion of might for 52 gold pieces
  5865 | D:4      | Bought a potion of lignification for 39 gold pieces
  5865 | D:4      | Bought a potion of brilliance for 52 gold pieces
  5912 | D:4      | Killed Dowan
  5980 | D:4      | Found a roughly hewn altar of Beogh.
  6001 | D:4      | Reached skill level 5 in Transmutations
  6195 | D:4      | Found a runed door.
  6200 | D:4      | Noticed Crazy Yiuf
  6208 | D:4      | Killed Crazy Yiuf
  6307 | D:3      | Killed Duvessa
  6417 | D:5      | Entered Level 5 of the Dungeon
  6516 | D:5      | Learned a level 5 spell: Blade Hands
  6820 | D:5      | Found a staircase to the Ecumenical Temple.
  6836 | Temple   | Entered the Ecumenical Temple
  6996 | D:5      | Noticed a two-headed ogre
  7026 | D:5      | Killed a two-headed ogre
  7026 | D:5      | Reached XP level 9. HP: 32/79 MP: 12/12
  7749 | D:6      | Found a sand-covered staircase.
  7757 | Ossuary  | Entered an ossuary
  9182 | D:6      | HP: 1/81 [orc warrior/long sword (19)]
 10779 | D:7      | Reached XP level 10. HP: 70/88 MP: 10/13
 11282 | D:7      | Noticed FluffierThanThou's ghost (novice DDFi)
 11375 | D:7      | Killed FluffierThanThou's ghost
 11776 | D:7      | Noticed Pikel
 11968 | D:7      | Killed Pikel
 12345 | D:7      | Found a basalt altar of Yredelemnul.
 12347 | D:7      | Found a hide-covered altar of Uskayaw.
 12664 | D:7      | Found a sparkling altar of Nemelex Xobeh.
 12665 | D:7      | Found a bloodstained altar of Trog.
 12669 | D:7      | Found a glowing silver altar of Zin.
 12798 | D:8      | Reached skill level 10 in Transmutations
 12922 | D:8      | Found an opulent altar of Gozag.
 13036 | D:8      | Noticed a two-headed ogre
 13398 | D:8      | Found Fyorhaum's Magic Scroll Shoppe.
 13423 | D:8      | Killed a two-headed ogre
 13423 | D:8      | Reached skill level 10 in Unarmed Combat
 14537 | D:9      | Noticed a two-headed ogre
 14548 | D:9      | Reached XP level 11. HP: 36/99 MP: 13/17
 14560 | D:9      | Killed a two-headed ogre
 14560 | D:9      | Reached skill level 10 in Fighting
 14868 | D:9      | Found a staircase to the Orcish Mines.
 14991 | D:9      | Noticed Joseph
 15112 | D:9      | Killed Joseph
 15719 | D:9      | Found a staircase to the Lair.
 15772 | D:9      | Found a blossoming altar of Fedhas.
 16579 | D:10     | Entered Level 10 of the Dungeon
 16757 | D:10     | Noticed hcgyg4s's ghost (novice FeVM)
 16771 | D:10     | Killed hcgyg4s's ghost
 16901 | D:10     | Found a flagged portal.
 16950 | Bailey   | Entered a bailey
 18589 | D:10     | Found Texzi's Distillery.
 18594 | D:10     | Bought a potion of invisibility for 96 gold pieces
 18594 | D:10     | Bought a potion of flight for 36 gold pieces
 19101 | Lair:1   | Entered Level 1 of the Lair of Beasts
 20760 | Lair:1   | Reached skill level 5 in Spellcasting
 20767 | Lair:1   | Reached XP level 12. HP: 87/110 MP: 14/19
 21325 | Lair:2   | Noticed Harold
 21351 | Lair:2   | Found a frozen archway.
 21351 | Lair:2   | Noticed Gastronok
 21652 | Lair:2   | Killed Gastronok
 21679 | IceCv    | Entered an ice cave
 23139 | IceCv    | Found the +2 robe of Vines {NoPotionHeal Regen+7}
 23189 | IceCv    | HP: 4/112 [ice devil (18)]
 23190 | IceCv    | Slain by an ice devil

Vault maps used:
D:1:      dpeg_arrival_signposts
D:2:      nicolae_overflow_crystal_walls, grunt_dithmenos_smoke_and_mirrors,
          first_ration, uniq_terence
D:3:      cheibrodos_sewer_entry_drain, uniq_grinder, uniq_sigmund
D:4:      serial_shops, shop, kennysheep_orc_chapel, uniq_crazy_yiuf_cottage,
          uniq_natasha, uniq_duvessa, uniq_edmund
D:5:      minmay_temple_entry_junction, st_stairs_9, kennysheep_potato
D:6:      chequers_ossuary_entry_cave
D:7:      nicolae_overflow_hidden_temple, uniq_pikel
D:8:      nicolae_gozag_seed_capital, serial_shops, shop
D:9:      grunt_lair_entry_orc_guard_hut, david_orc_2, basic_altar, uniq_joseph
D:10:     serial_shops, kennysheep_little_box, enter_bailey_2,
          hangedman_fish_farm
Temple:   eino_temple_lava
Lair:1:   grunt_megastairs_5
Lair:2:   spider_nest_entry_web_field, portal_ice_cave_entry_pillars_2,
          serial_bayou_pond_c, infiniplex_staircase_pool_2, uniq_gastronok,
          uniq_harold
Sewer:    sewer_co_15_rooms
Ossuary:  ossuary_kennysheep_city_of_the_dead
Bailey:   bailey_polearm_gnolls_kennysheep, bailey
IceCv:    ice_cave_tombish

Skill      XL: |  1  2  3  4  5  6  7  8  9 10 11 12 |
---------------+-------------------------------------+-----
Unarmed Combat | 4 5 6 7 8 9 10 12 | 12.9
Fighting       | 2 4 5 7 8 9 11 12 | 12.1
Transmutations | 4 7 9 10 | 10.9
Spellcasting   | 4 5 6 |  6.0
Dodging        | |  1.7

Action                   |  1- 3 |  4- 6 |  7- 9 | 10-12 || total
-------------------------+-------+-------+-------+-------++-------
Melee: Unarmed           |   141 |   197 |   472 |   594 ||  1404
       Tailslap          |    12 |    19 |    28 |    39 ||    98
       Punch             |     6 |     3 |    10 |    19 ||    38
       Headbutt          |       |       |     6 |     4 ||    10
       Kick              |       |       |     3 |     3 ||     6
 Cast: Beastly Appendage |       |       |    10 |     4 ||    14
       Spider Form       |       |       |    30 |    40 ||    70
       Blade Hands       |       |       |       |    23 ||    23
Evoke: Wand              |       |     3 |    19 |    22 ||    44
  Use: Scroll            |       |     6 |     9 |     9 ||    24
       Potion            |       |     4 |     2 |     3 ||     9
 Stab: Sleeping          |       |     2 |     1 |     6 ||     9
       Betrayed ally     |       |       |       |     1 ||     1
  Eat: Chunk             |     2 |     7 |    23 |    32 ||    64
       Ration            |       |       |     1 |     6 ||     7
Armor: Skin              |    38 |    64 |    85 |    96 ||   283
Dodge: Dodged            |    85 |   171 |   324 |   372 ||   952
       Deflected         |       |     1 |     2 |     6 ||     9

Table legend:
 A = Spawn XP
 B = Non-spawn XP
 C = Spawn XP percentage of total XP
 D = Spawn monster count
 E = Non-spawn monster count
 F = Spawn count percentage of total count
 G = Total turns spent on level
                    A         B        C        D         E        F      G
               +---------+---------+-------+---------+---------+-------+---------
         Total |       0 |   29921 |   0.0 |       0 |     379 |   0.0 | 23190
               +---------+---------+-------+---------+---------+-------+---------
           D:1 |       0 |      42 |   0.0 |       0 |      22 |   0.0 |  1183
           D:2 |       0 |      75 |   0.0 |       0 |      20 |   0.0 |  1095
           D:3 |       0 |    1179 |   0.0 |       0 |      39 |   0.0 |  2877
           D:4 |       0 |     549 |   0.0 |       0 |      18 |   0.0 |   795
           D:5 |       0 |    1939 |   0.0 |       0 |      32 |   0.0 |  1793
           D:6 |       0 |     736 |   0.0 |       0 |      26 |   0.0 |  1051
           D:7 |       0 |    3219 |   0.0 |       0 |      36 |   0.0 |  2900
           D:8 |       0 |    2388 |   0.0 |       0 |      27 |   0.0 |  1229
           D:9 |       0 |    3630 |   0.0 |       0 |      34 |   0.0 |  2471
          D:10 |       0 |    1982 |   0.0 |       0 |      15 |   0.0 |  1237
        Lair:1 |       0 |    6034 |   0.0 |       0 |      28 |   0.0 |  2401
        Lair:2 |       0 |    2037 |   0.0 |       0 |       1 |   0.0 |    47
         Sewer |       0 |     228 |   0.0 |       0 |      16 |   0.0 |   545
       Ossuary |       0 |     368 |   0.0 |       0 |      15 |   0.0 |   830
        Bailey |       0 |    1063 |   0.0 |       0 |      29 |   0.0 |  1158
         IceCv |       0 |    4452 |   0.0 |       0 |      21 |   0.0 |  1511
               +---------+---------+-------+---------+---------+-------+---------
